 Dungeon Crawl Stone Soup version 0.16-b1 (webtiles) character file.

3156 datmedicine the Grappler (level 9, -10/80 HPs)
             Began as a Troll Monk on Mar 4, 2015.
             Was a Priest of Cheibriados.
             Mangled by a hill giant
             ... wielding a +0 giant club
              (34 damage)
             ... on level 9 of the Dungeon.
             The game lasted 00:17:39 (3926 turns).

datmedicine the Grappler (Troll Monk)               Turns: 3926, Time: 00:17:39

Health: -10/80     AC:  5    Str: 31      XL:     9   Next: 62%
Magic:  1/4        EV:  7    Int: 13      God:    Cheibriados [***...]
Gold:   242        SH: 16    Dex: 15 (19) Spells: 1 memorised, 6 levels left

rFire  . . .     SeeInvis .       - Unarmed
rCold  . . .     Clarity  .     a - +0 robe
rNeg   + . .     SustAb   .     t - +0 large shield
rPois  .         Gourm    +     (helmet restricted)
rElec  .         Spirit   .     (no cloak)
rCorr  .         Warding  +     (gloves unavailable)
rMut   .         Stasis   .     (boots unavailable)
MR     .....                    p - amulet of warding
Stlth  +.........               (no ring)
                                e - ring of loudness (curse)

@: short of breath, very slow, not resistant to hostile enchantments, very
unstealthy
A: unfitting armour, claws 3, breathe flames 1, fast metabolism 3, gourmand,
regeneration 2, shaggy fur 1, tough skin 2
a: Bend Time, Temporal Distortion, Renounce Religion, Breathe Fire


You were on level 9 of the Dungeon.
You worshipped Cheibriados.
Cheibriados was most pleased with you.
You were not hungry.

You visited 2 branches of the dungeon, and saw 10 of its levels.

You collected 242 gold pieces.

Inventory:

Hand weapons
 g - a +0 giant club
 h - a +1 hunting sling of flaming
Missiles
 i - 37 stones (quivered)
Armour
 a - a +0 robe (worn)
 t - a +0 large shield (worn)
Magical staves
 E - an uncursed staff of earth {unknown}
Jewellery
 e - a cursed ring of loudness (left claw)
 p - an amulet of warding (around neck)
 x - an uncursed amulet of resist corrosion {unknown}
Magical devices
 C - a wand of draining (3)
Scrolls
 l - 2 scrolls of amnesia {unknown}
 m - 5 scrolls of identify {unknown}
 n - a scroll of enchant weapon {unknown}
 o - a scroll of remove curse {unknown}
 r - 3 scrolls of teleportation {unknown}
 y - a scroll of blinking {unknown}
 B - 2 scrolls of recharging {unknown}
 F - a scroll of noise {unknown}
Potions
 c - 3 potions of restore abilities {unknown}
 q - a potion of mutation {unknown}
 w - 2 potions of might {unknown}
 A - a potion of invisibility {unknown}
 D - 2 potions of ambrosia {unknown}
 G - a potion of cure mutation {unknown}
Books
 s - a Grand Grimoire {highlevel, unknown}

   This book is beyond your current level of understanding.

   Spells                             Type                      Level
   a - Aura of Abjuration             Summoning                    6
   b - Summon Greater Demon           Summoning                    7
   c - Malign Gateway                 Summoning/Translocation      7
   d - Summon Horrible Things         Summoning                    8
 v - a book of Minor Magic

   Spells                             Type                      Level
   a - Magic Dart                     Conjuration                  1
   b - Blink                          Translocation                2
   c - Call Imp                       Summoning                    2
   d - Repel Missiles                 Charms/Air                   2
   e - Slow                           Hexes                        2
   f - Conjure Flame                  Conjuration/Fire             3
   g - Mephitic Cloud                 Conjuration/Poison/Air       3
Comestibles
 b - 8 meat rations
 d - 2 slices of pizza
 f - 4 bread rations
 j - a beef jerky
 k - a royal jelly
 z - 2 fruits


   Skills:
 - Level 2.4 Fighting
 - Level 2.4 Dodging
 - Level 1.1 Stealth
 - Level 4.1 Shields
 + Level 11.6 Unarmed Combat
 - Level 4.2 Translocations


You had 6 spell levels left.
You knew the following spells:

 Your Spells              Type           Power        Failure   Level  Hunger
a - Blink                 Tloc           N/A          86%         2    ###....


Dungeon Overview and Level Annotations

Branches:
Dungeon (9/15)             Temple (1/1) D:6
   Lair: D:8-11         Orc: D:9-12

Altars:
Ashenzari
Cheibriados
Dithmenos
Elyvilon
Fedhas
Kikubaaqudgha
Makhleb
Nemelex Xobeh
Okawaru
Ru
Sif Muna
Trog
Vehumet
Xom
Yredelemnul
The Shining One
Lugonu

Shops:
D:4 (!   D:6 %   D:8 %


Innate Abilities, Weirdness & Mutations

You are too large for most types of armour.
You have claws for hands.
Your metabolism is lightning-fast.
You like to eat raw meat.
You heal very quickly.
You are covered in fur (AC +1).
You have very tough skin (AC +2).
You can breathe flames.


Message History

Use which ability? (? or * to list)
Okay, then.
Use which ability? (? or * to list)
Press: ? - help, Shift-Dir - straight line, f - hill giant
Aim: a hill giant, wielding a giant club You breathe a blast of fire.
The fiery breath hits the hill giant.
The hill giant is moderately wounded.
You feel somewhat more hungry.
The hill giant hits you with a giant club!!
There is an open door, spattered with blood here.
Use which ability? (? or * to list)
The flow of time bends around you.
The hill giant easily resists.
You feel slightly more hungry. You block the hill giant's attack.
The hill giant hits you with a giant club!!
* * * LOW HITPOINT WARNING * * *
It was a potion of degeneration.
There was something very wrong with that liquid.
You feel clumsy.
The hill giant hits you with a giant club!!
You die...

##'####.....###.##..#...C[... .
#.....+.....#.......'########+..
###....#.....'...................
..#....#.....#..........#........
..#...##.....##..###....#........
..##'##.......##'###....##.......
..'...#.......#...#......+.......
..#...#.......+.C.+......#=......
###...#.......#.@.#......#.......
......'.......#...#......#.......
.##'###.......#.).####+###.......
.#.........#+##...#..............
.'.........'......+..............
.#.........#......#..............
.#.........#......#..............
##.........##'###'#..............
...........#...#.....#+###'####+#


You could see a hill giant.

Vanquished Creatures
  Prince Ribbit (D:8)
  A wyvern (D:8)
  2 sky beasts
  An orc warrior (D:6)
  3 ice beasts
  A phantom (D:5)
  2 ogres
  Duvessa (D:7)
  9 giant frogs
  3 scorpions
  11 wights
  Dowan (D:7)
  A quasit (D:6)
  2 crimson imps
  4 orc priests
  2 centaur skeletons
  A giant frog skeleton (D:4)
  4 orc wizards
  6 worker ants
  2 killer bee zombies
  A hound skeleton (D:5)
  5 adders
  A worker ant zombie (D:6)
  A shadow imp (D:6)
  3 worms
  An adder zombie (D:9)
  2 giant geckos
  13 orcs
  A ball python (D:6)
  2 bat skeletons (D:8)
  2 giant cockroaches
  3 goblins
  6 hobgoblins
  7 bats
  A giant newt (D:7)
  A jackal skeleton (D:6)
  5 kobolds
  5 rats
  3 ballistomycetes (D:6)
121 creatures vanquished.

Vanquished Creatures (others)
  A giant spore (D:6)
1 creature vanquished.

Grand Total: 122 creatures vanquished

Notes
Turn   | Place    | Note
--------------------------------------------------------------
     0 | D:1      | datmedicine, the Troll Monk, began the quest for the Orb.
     0 | D:1      | Reached XP level 1. HP: 22/22 MP: 1/1
   187 | D:3      | Reached XP level 2. HP: 26/29 MP: 1/1
   223 | D:3      | Noticed an orc priest
   231 | D:3      | Noticed an orc priest
   239 | D:3      | Killed an orc priest
   239 | D:3      | Reached skill level 5 in Unarmed Combat
   239 | D:3      | Reached XP level 3. HP: 16/36 MP: 2/2
   261 | D:3      | Killed an orc priest
   261 | D:3      | Reached XP level 4. HP: 11/44 MP: 2/2
   286 | D:3      | Noticed an orc priest
   295 | D:3      | HP: 1/44 [orc priest/nerve-wracking pain (6)]
   296 | D:3      | Killed an orc priest
   296 | D:3      | Reached skill level 6 in Unarmed Combat
   543 | D:4      | Reached XP level 5. HP: 45/50 MP: 2/2
   593 | D:4      | Noticed a giant frog
   606 | D:4      | Killed a giant frog
   609 | D:4      | Reached skill level 7 in Unarmed Combat
   611 | D:4      | Reached XP level 6. HP: 46/59 MP: 3/3
   726 | D:4      | Found Rautagac's Distillery.
   802 | D:4      | Found Nogex's Weapon Emporium.
   963 | D:4      | Found a glowing golden altar of the Shining One.
   964 | D:4      | Noticed an angel
   968 | D:4      | Found a basalt altar of Yredelemnul.
   969 | D:4      | Noticed a profane servitor
  1008 | D:5      | Entered Level 5 of the Dungeon
  1015 | D:5      | Reached skill level 8 in Unarmed Combat
  1041 | D:5      | Reached XP level 7. HP: 39/66 MP: 3/3
  1141 | D:5      | Found a blossoming altar of Fedhas.
  1205 | D:5      | Reached skill level 9 in Unarmed Combat
  1221 | D:5      | Gained mutation: You can breathe flames. [mutagenic meat]
  1652 | D:6      | Reached skill level 10 in Unarmed Combat
  1718 | D:6      | Reached XP level 8. HP: 74/74 MP: 3/3
  1751 | D:6      | Found a staircase to the Ecumenical Temple.
  1762 | Temple   | Entered the Ecumenical Temple
  1781 | Temple   | Became a worshipper of Cheibriados the Contemplative
  1781 | Temple   | Acquired Cheibriados' first power
  1858 | D:6      | Found Oridou's Food Shop.
  1894 | D:6      | Found a bloodstained altar of Trog.
  1944 | D:6      | Reached skill level 11 in Unarmed Combat
  1961 | D:7      | Noticed Duvessa
  1961 | D:7      | Noticed Dowan
  2064 | D:7      | Learned a level 2 spell: Blink
  2359 | D:7      | Found a radiant altar of Vehumet.
  2392 | D:7      | Reached skill level 1 in Shields
  2493 | D:7      | Killed Duvessa
  2504 | D:7      | Killed Dowan
  2749 | D:7      | Found a sacrificial altar of Ru.
  2838 | D:7      | Reached XP level 9. HP: 38/80 MP: 4/4
  2975 | D:8      | Reached skill level 1 in Translocations
  3180 | D:8      | Found Veepn's Food Emporium.
  3204 | D:9      | Noticed Prince Ribbit
  3333 | D:8      | Killed Prince Ribbit
  3398 | D:8      | Acquired Cheibriados' second power
  3620 | D:9      | Found an ancient bone altar of Kikubaaqudgha.
  3784 | D:9      | Found a shimmering altar of Xom.
  3913 | D:9      | Found a glowing golden altar of the Shining One.
  3913 | D:9      | Found a white marble altar of Elyvilon.
  3913 | D:9      | Noticed a hill giant
  3926 | D:9      | Mangled by a hill giant

Action                   |  1- 3 |  4- 6 |  7- 9 || total
-------------------------+-------+-------+-------++-------
Melee: Unarmed           |    59 |    74 |   289 ||   422
 Fire: Hunting sling     |       |     4 |       ||     4
Throw: Stone             |       |       |     8 ||     8
Invok: Bend Time         |       |       |     2 ||     2
 Abil: Breathe Fire      |       |       |     4 ||     4
  Use: Potion            |       |       |     1 ||     1
 Stab: Sleeping          |       |     1 |       ||     1
  Eat: Chunk             |     2 |    10 |    20 ||    32
